 Dungeon Crawl Stone Soup version 0.31-a0-844-gdc52ec4e09 (webtiles) character file.

Game seed: 8712497872196095162

62 IdlyInterested the Trooper (level 3, 0/29 HPs)
             Began as a Demonspawn Gladiator on Sept 28, 2023.
             Slain by a gnoll
             ... wielding a +0 flail
              (5 damage)
             ... on level 2 of the Dungeon.
             The game lasted 00:04:47 (1445 turns).

IdlyInterested the Trooper (Demonspawn Gladiator)   Turns: 1445, Time: 00:04:47

Health: 0/29       AC:  6    Str: 14    XL:     3   Next: 85%
Magic:  3/3        EV: 11    Int: 11    God:
Gold:   98         SH:  4    Dex: 14    Spells: 2/2 levels left

rFire   + . .        a - +0 long sword
rCold   + . .        (no shield)
rNeg    . . .        j - +0 ring mail
rPois   +            c - +0 helmet
rElec   +            (no cloak)
rCorr   +            (no gloves)
SInv    .            (no boots)
Will    .....        (no amulet)
Stlth   +            i - ring of poison resistance
HPRegen 0.24/turn    (no ring)
MPRegen 0.08/turn

%: no passive effects
@: resistant
A: condensation shield
a: no special abilities


You were on level 2 of the Dungeon.
You visited 1 branch of the dungeon, and saw 2 of its levels.

You collected 98 gold pieces.

Inventory:

Hand Weapons
 a - a +0 long sword (weapon)
Missiles
 d - 3 throwing nets
 g - 39 stones (quivered)
 q - 3 poisoned darts
Armour
 b - a +0 leather armour
 c - a +0 helmet (worn)
 j - a +0 ring mail (worn)
Jewellery
 i - a ring of poison resistance (left hand)
 o - a ring of poison resistance
Scrolls
 f - 8 scrolls of identify {unknown}
 l - a scroll of fog {unknown}
 m - 3 scrolls of revelation {unknown}
 n - 2 scrolls of brand weapon {unknown}
 r - a scroll of enchant weapon {unknown}
 s - a scroll of blinking {unknown}
Potions
 h - a potion of berserk rage {unknown}
 k - 2 potions of resistance
 p - a potion of degeneration {unknown}


   Skills:
 + Level 3.2 Fighting
 - Level 3.0 Long Blades
 - Level 2.0 Throwing
 + Level 0.4 Armour
 - Level 3.0 Dodging
 - Level 1.0 Evocations


You had 2 spell levels left.
You didn't know any spells.
Your spell library was empty.

Dungeon Overview and Level Annotations

Branches:
Dungeon (2/15)

Altars:
Nemelex Xobeh

Shops:
D:2 (**


Innate Abilities, Weirdness & Mutations

A meltable shield of frost defends you. (SH +4)


Message History

The javelin barely misses the gnoll.
You slash the gnoll!
The gnoll is severely wounded.
The gnoll hits you with a +0 club.
A gnoll comes into view. It is wielding a +0 flail.
The gnoll barely misses you. The kobold barely misses you.
The gnoll hits you but does no damage.
The gnoll moves out of view.
You slash the gnoll!
You kill the gnoll!
The gnoll hits you from afar with a +0 spear.
The kobold hits you with a +0 dagger. The gnoll closely misses you.
Training target 1.0 for Evocations reached!
Your Fighting skill increases to level 3!
Your Evocations skill increases to level 1!
You closely miss the kobold.
The gnoll shouts!
The kobold hits you but does no damage.
The gnoll hits you from afar with a +0 spear!
You hit the kobold.
You kill the kobold!
The gnoll hits you but does no damage. The gnoll closely misses you.
Things that are here:
a +0 club; a gnoll corpse You slash the gnoll!
The gnoll is severely wounded.
The gnoll closely misses you.
You slash the gnoll!
You kill the gnoll!
You barely miss the gnoll. The gnoll hits you with a +0 flail.
You closely miss the gnoll. The gnoll barely misses you.
You slash the gnoll!
The gnoll is severely wounded.
The gnoll hits you with a +0 flail!
* * * LOW HITPOINT WARNING * * *
The gnoll completely misses you.
It was a potion of resistance.
You feel protected. The gnoll hits you with a +0 flail.
You die...

##...# #
##..#.#.#
###
####(......#
<.+
+).......###
###
####...#.###
# #...g...g#
# #g###.##.#
# #g# .# # #
#@# # # #.#
# #......)#
..#####..
#.#. #.#.#
... # ..#
###


You could see 2 gnolls.

Vanquished Creatures
  2 gnolls (D:2)
  2 adders (D:2)
  A ball python (D:1)
  A giant cockroach (D:1)
  2 hobgoblins
  4 kobolds
  3 quokkas (D:1)
  3 frilled lizards (D:1)
  5 goblins
  3 rats
26 creatures vanquished.

Notes
Turn   | Place    | Note
-------+----------+-------------------------------------------
     0 | D:1      | IdlyInterested the Demonspawn Gladiator began the quest for
                  | the Orb.
     0 | D:1      | Reached XP level 1. HP: 16/16 MP: 1/1
    81 | D:1      | Gained mutation: A meltable shield of frost defends you.
                  | (SH +4) [demonic ancestry]
    81 | D:1      | Reached XP level 2. HP: 5/23 MP: 2/2
   183 | D:1      | Found a faded altar of an unknown god.
   900 | D:2      | Found a sparkling altar of Nemelex Xobeh.
   968 | D:2      | Reached XP level 3. HP: 28/28 MP: 3/3
   985 | D:2      | Found Koisuz's General Store.
  1022 | D:2      | Found Cetiuto's Antique Weapon Shop.
  1351 | D:2      | Found Quecesol's General Store.
  1437 | D:2      | Reached skill level 1 in Evocations
  1445 | D:2      | Slain by a gnoll

Illustrated notes

Levels and vault maps discovered:
D:1:      dpeg_arrival_rooms_with_view, layout_loops_cross,
          ebering_ecumenical_altar_webs, chequers_serial_rivers_micro_a,
          corexii_hall_statues_i, serial_park_tiny_1
D:2:      layout_loops_corners, basic_altar, serial_shops,
          nicolae_shop_temple_entry_statues_fountains, shop, shop,
          nicolae_diamond_shop, minmay_strange_pillars

Skill      XL: |  1  2  3 |
---------------+----------+-----
Long Blades    | 3 |  3.0
Dodging        | 3 |  3.0
Throwing       | 2 |  2.0
Fighting       | 3 |  3.2
Evocations     | 1 |  1.0
Armour         | |  0.4

Action                     || total
---------------------------++-------
  Melee: Long sword        ||    81
  Throw: Javelin           ||     1
         Stone             ||     1
    Use: Potion            ||     1
   Stab: Distracted        ||     1
 Armour: Leather armour    ||    15
         Ring mail         ||    34
  Dodge: Dodged            ||    40
  Block: Other             ||    18

Table legend: (Time is in decaauts)
 A = Elapsed time spent in this place.
 B = Non-inter-level travel time spent in this place.
 C = Inter-level travel time spent in this place.
 D = Time resting spent in this place.
 E = Time spent auto-exploring this place.
 F = Levels seen in this place.
 G = Mean time per level.
                   A        B        C        D        E       F      G
               +--------+--------+--------+--------+--------+-----+--------+
         Total |   1466 |   1336 |    130 |     65 |    919 |   2 |  733.0 |
       Dungeon |   1466 |   1336 |    130 |     65 |    919 |   2 |  733.0 |
               +--------+--------+--------+--------+--------+-----+--------+

Top non-repeatable levels by time:
     D:1: 974 daAuts
     D:2: 492 daAuts
